 Dungeon Crawl Stone Soup version 0.28.0 (webtiles) character file.

Game seed: 12580919933800523858

6291 RighteousDevil the Blocker (level 11, -7/91 HPs)
             Began as a Formicid Hunter on Feb 11, 2022.
             Was a High Priest of Okawaru.
             Shot with an arrow by a centaur warrior (20 damage)
             ... on level 8 of the Dungeon.
             The game lasted 00:21:37 (6970 turns).

RighteousDevil the Blocker (Formicid Hunter)        Turns: 6970, Time: 00:21:38

Health: -7/91      AC:  7    Str: 20    XL:     11   Next: 15%
Magic:  12/12      EV: 10    Int: 15    God:    Okawaru [*****.]
Gold:   308        SH: 11    Dex: 11    Spells: 10/10 levels left

rFire   . . .      SeeInvis +   a - +8 hand crossbow of the Magi {elec, Int+3 Stlth+}
rCold   . . .      Faith    .   l - +0 kite shield
rNeg    + . .      Spirit   .   n - +0 troll leather armour {Pargi}
rPois   .          Reflect  .   (helmet unavailable)
rElec   .          Harm     .   (no cloak)
rCorr   .          Rampage  .   (no gloves)
Will    +....                   A - +2 pair of boots
Stlth   +++.......              g - amulet of the acrobat
HPRegen 1.05/turn               m - ring of flight
MPRegen 0.13/turn               t - ring of positive energy

@: flying, unable to read
A: permanent stasis, dig shafts and tunnels, antennae 3, four strong arms,
evolution 1, inability to read while threatened
a: Dig, Shaft Self, Renounce Religion, Heroism, Finesse, Duel


You were on level 8 of the Dungeon.
You worshipped Okawaru.
Okawaru was extremely pleased with you.
You visited 1 branch of the dungeon, and saw 8 of its levels.
You also visited: Sewer and Ossuary.

You collected 453 gold pieces.
You spent 145 gold pieces at shops.

Inventory:

Hand Weapons
 a - the +8 hand crossbow of the Magi (weapon) {elec, Int+3 Stlth+}
   (You acquired it on level 1 of the Dungeon)

   Any ammunition fired from it occasionally discharges a powerful burst of
   electricity upon striking a foe.
   Int:       It affects your intelligence (+3).
   Stlth:     It makes you more stealthy.
 b - a +0 rapier of electrocution
Missiles
 d - 98 bolts (quivered ammo)
 e - 8 boomerangs
 B - a throwing net
Armour
 l - a +0 kite shield (worn)
 n - a +0 troll leather armour (worn) {Pargi}
 A - a +2 pair of boots (worn)
Jewellery
 g - an amulet of the acrobat (around neck)
 m - a ring of flight (left hand)
 t - a ring of positive energy (right hand)
Scrolls
 f - 4 scrolls of vulnerability
 i - 3 scrolls of enchant weapon {unknown}
 j - a scroll of identify
 k - 3 scrolls of torment {unknown}
 r - a scroll of fear
 w - a scroll of noise {unknown}
 y - 2 scrolls of magic mapping {unknown}
 z - 2 scrolls of fog
 D - a scroll of amnesia {unknown}
 F - a scroll of immolation {unknown}
Potions
 c - 2 potions of ambrosia
 h - 3 potions of cancellation
 p - a potion of heal wounds {unknown}
 s - a potion of might {unknown}
 u - 2 potions of lignification
 v - a potion of brilliance {unknown}
 x - 3 potions of curing
 C - 2 potions of mutation
 E - 2 potions of flight


   Skills:
 - Level 10.2 Fighting
 - Level 2.0 Short Blades
 + Level 10.1 Crossbows
 - Level 1.1 Armour
 - Level 1.7 Dodging
 - Level 2.3 Stealth
 - Level 10.7 Shields
 + Level 1.8 Invocations


You had 10 spell levels left.
You didn't know any spells.
Your spell library contained the following spells:

 Spells                   Type           Power      Damage    Failure   Level
 Sublimation of Blood     Necr           0%         N/A       65%         2
 Wereblood                Tmut           0%         N/A       65%         2
 Ozocubu's Armour         Ice            0%         N/A       86%         3
 Metabolic Englaciation   Hex/Ice        0%         N/A       100%        5
 Simulacrum               Ice/Necr       Unusable   N/A       N/A         6
 Summon Hydra             Summ           Unusable   N/A       N/A         7

Dungeon Overview and Level Annotations

Branches:
Dungeon (8/15)             Temple (0/1) D:6           Sewer (visited)
Ossuary (visited)
   Lair: D:8-11

Altars:
Kikubaaqudgha
Makhleb
Okawaru
Uskayaw
Xom
The Shining One

Shops:
D:7 *   D:8 :


Innate Abilities, Weirdness & Mutations

You cannot be hasted, slowed, berserked, paralysed or teleported.
You can dig through walls and to a lower floor.
You have a pair of large antennae on your head. (SInv)
Your four strong arms can wield two-handed weapons with a shield.
You have hidden genetic potential.
You sometimes lose the ability to read scrolls when taking damage.


Message History

Your Invocations skill increases to level 1!
Unknown command.
An ice beast comes into view.
You shoot a bolt. The bolt hits the ice beast!
The ice beast is heavily wounded.
You shoot a bolt. The bolt barely misses the ice beast.
You shoot a bolt. The bolt barely misses the ice beast.
You shoot a bolt. The bolt hits the ice beast!!
Lightning courses through the ice beast!
You kill the ice beast!
Okawaru accepts your kill.
Magic restored.
d - 100 bolts (gained 1)
Things that are here:
a +1 whip of electrocution; 5 stones; a kobold corpse A centaur warrior comes into view.
You shoot a bolt. The centaur warrior shouts!
The bolt hits the centaur warrior!
The centaur warrior is moderately wounded.
Something shouts, "Escape, thou droning two-tin-hat clam!"
The centaur warrior wields a +1 shortbow of freezing.
It is covered in frost.
The centaur warrior shoots an arrow.
The arrow hits you! The arrow freezes you.
You shoot a bolt.
The bolt barely misses the centaur warrior.
The centaur warrior shoots an arrow.
The arrow hits you!! The arrow freezes you!
The centaur warrior shoots an arrow.
The arrow hits you!!
You feel threatened and lose the ability to read scrolls!
The arrow freezes you.
* * * LOW HITPOINT WARNING * * *
Okay, then.
The centaur warrior shoots an arrow.
The arrow hits you!!
* * * LOW HITPOINT WARNING * * *
The arrow freezes you.
* * * LOW HITPOINT WARNING * * *
The centaur warrior shoots an arrow.
The arrow misses you.
You feel better.
The centaur warrior shoots an arrow.
The arrow hits you!!
You die...

.. ###.#..#.#.#.#####
... ..........†....#
...#.##.#.##.###.##.#
......................
...#.####)######.##.###
((.(c........###.# #
.((...............
.(....).)#######.#
....().....@.....#
....(....#######.#
...(.....# .........#
.........# ..########
.#


You could see a centaur warrior.

Vanquished Creatures
  Pikel (D:4)
  4 slime creatures (D:8)
  Grinder (D:5)
  3 yaks (D:6)
  A wyvern (D:7)
  A water moccasin (Sewer)
  Duvessa (D:5)
  Pargi (D:3)
  2 hornet zombies (Ossuary)
  2 sky beasts (D:5)
  4 necrophages
  2 orc warriors
  An ice beast (D:8)
  A black bear (D:4)
  3 ogres
  A centaur (D:7)
  A lemure (D:4)
  3 kobold brigands
  A gnoll sergeant (D:7)
  A scorpion (D:7)
  4 bullfrogs
  A wyvern zombie (Ossuary)
  3 water moccasin zombies (Ossuary)
  A wyvern skeleton (D:7)
  Dowan (D:5)
  A water moccasin skeleton (D:4)
  A wight (D:6)
  9 bullfrog zombies
  2 crimson imps
  7 centaur zombies
  A jelly (D:6)
  A centaur skeleton (D:7)
  A human zombie (D:6)
  4 orc priests (D:5)
  Jessica (D:3)
  3 iguanas
  3 orc wizards
  2 killer bee zombies
  12 mummies
  5 howler monkey zombies
  A howler monkey skeleton (D:6)
  6 gnolls
  8 adders
  2 river rats (D:4)
  A shadow imp (D:5)
  2 white imps
  An adder skeleton (D:4)
  An adder zombie (D:5)
  4 worms (D:4)
  2 dart slugs (D:4)
  21 orcs
  3 endoplasms
  5 giant cockroaches
  5 goblins
  4 hobgoblins
  10 jackals
  20 kobolds
  3 quokkas
  7 ball pythons
  5 bats
  A frilled lizard (D:3)
  A goblin zombie (D:7)
  A hobgoblin zombie (D:7)
  6 rats
218 creatures vanquished.

Vanquished Creatures (others)
  8 plants (D:8)
  6 withered plants (Ossuary)
14 creatures vanquished.

Grand Total: 232 creatures vanquished

Notes
Turn   | Place    | Note
-------+----------+-------------------------------------------
     0 | D:1      | RighteousDevil the Formicid Hunter began the quest for the
                  | Orb.
     0 | D:1      | Reached XP level 1. HP: 16/16 MP: 1/1
   353 | D:1      | Reached XP level 2. HP: 23/23 MP: 2/2
   482 | D:1      | You fall into a shaft and drop 1 floor!
   483 | D:2      | Identified the +3 hand axe of Wrath {antimagic, *Slow rN+
                  | Str+2}
   691 | D:2      | Reached skill level 1 in Armour
   889 | D:1      | Found a faded altar of an unknown god.
   901 | D:1      | Prayed at the altar of an unknown god.
   901 | D:1      | Became a worshipper of Warmaster Okawaru
   901 | D:1      | Reached * piety under Okawaru
  1223 | D:1      | Reached XP level 3. HP: 21/28 MP: 3/3
  1733 | D:1      | Identified a scroll of acquirement
  1733 | D:1      | Acquired the +8 hand crossbow of the Magi {elec, Int+3
                  | Stlth+}
  2139 | D:3      | Reached XP level 4. HP: 32/34 MP: 4/4
  2404 | D:3      | Reached skill level 1 in Shields
  2611 | D:3      | Noticed Pargi
  2614 | D:3      | Killed Pargi
  2614 | D:3      | Reached ** piety under Okawaru
  2615 | D:3      | Reached XP level 5. HP: 41/41 MP: 5/5
  2948 | D:3      | Noticed Jessica
  2949 | D:3      | Killed Jessica
  2950 | D:3      | Reached XP level 6. HP: 48/48 MP: 6/6
  3459 | D:4      | Found a glowing drain.
  3475 | D:4      | Reached skill level 5 in Crossbows
  3502 | Sewer    | Entered a sewer
  3564 | Sewer    | Noticed a water moccasin
  3567 | Sewer    | Killed a water moccasin
  3568 | Sewer    | Reached XP level 7. HP: 55/55 MP: 7/7
  3812 | D:4      | Noticed Pikel
  3821 | D:4      | Killed Pikel
  3821 | D:4      | Reached *** piety under Okawaru
  3822 | D:4      | Reached skill level 5 in Fighting
  3822 | D:4      | Reached skill level 5 in Shields
  3822 | D:4      | Reached XP level 8. HP: 42/64 MP: 8/8
  3975 | D:5      | Entered Level 5 of the Dungeon
  3987 | D:5      | Found a glowing golden altar of the Shining One.
  4246 | D:5      | Noticed Duvessa
  4247 | D:5      | Noticed Dowan
  4249 | D:5      | Killed Duvessa
  4252 | D:5      | Killed Dowan
  4275 | D:5      | Found a hide-covered altar of Uskayaw.
  4286 | D:5      | Reached XP level 9. HP: 71/71 MP: 9/9
  4362 | D:5      | Found a burning altar of Makhleb.
  4362 | D:5      | Found a shimmering altar of Xom.
  4461 | D:5      | Noticed Grinder
  4466 | D:5      | Killed Grinder
  4466 | D:5      | Received a gift from Okawaru
  4609 | D:6      | Reached **** piety under Okawaru
  4767 | D:6      | Found a staircase to the Ecumenical Temple.
  5269 | D:6      | Reached XP level 10. HP: 79/81 MP: 10/10
  5286 | D:6      | Found an ancient bone altar of Kikubaaqudgha.
  5323 | D:6      | Reached ***** piety under Okawaru
  5717 | D:7      | Received a gift from Okawaru
  5787 | D:7      | Found a sand-covered staircase.
  5795 | D:7      | Found Veenurph's Assorted Antiques.
  5809 | Ossuary  | Entered an ossuary
  6012 | Ossuary  | Received a gift from Okawaru
  6085 | Ossuary  | Reached skill level 10 in Shields
  6212 | D:7      | Bought a scroll of identify for 58 gold pieces
  6213 | D:7      | Bought a scroll labelled DOACWI SIKKIE for 29 gold pieces
  6213 | D:7      | Bought a scroll labelled WUR TEAMEELO for 29 gold pieces
  6213 | D:7      | Bought a scroll labelled URIARGH CYPH for 29 gold pieces
  6298 | D:7      | Received a gift from Okawaru
  6551 | D:7      | Gained mutation: You sometimes lose the ability to read
                  | scrolls when taking damage. [potion of mutation]
  6552 | D:7      | Lost mutation: You sometimes lose the ability to read
                  | scrolls when taking damage. [potion of mutation]
  6552 | D:7      | Gained mutation: You sometimes lose the ability to read
                  | scrolls when taking damage. [potion of mutation]
  6552 | D:7      | Gained mutation: You have hidden genetic potential. [potion
                  | of mutation]
  6597 | D:8      | Reached skill level 10 in Fighting
  6612 | D:8      | Found Pyacziw's Book Boutique.
  6717 | D:8      | Reached XP level 11. HP: 37/90 MP: 11/11
  6751 | D:8      | Received a gift from Okawaru
  6918 | D:8      | Reached skill level 10 in Crossbows
  6952 | D:8      | Reached skill level 1 in Invocations
  6963 | D:8      | Noticed a centaur warrior
  6968 | D:8      | HP: 4/91 [centaur warrior/arrow (3)]
  6970 | D:8      | Shot with an arrow by a centaur warrior

Illustrated notes

Levels and vault maps discovered:
D:1:      dpeg_arrival_erosion, layout_basic,
          shapermc_ecumenical_altar_notcrosses
D:2:      layout_basic, guppyfry_early_lair_pool
D:3:      layout_basic, uniq_pargi, uniq_jessica
D:4:      minmay_door_path, layout_basic, portal_sewer_entry_c,
          minmay_pentangle, uniq_pikel
D:5:      layout_rooms, grunt_temple_overflow_champion_of_chaos,
          eat_drink_and_be_merry_uskayaw, mainiacjoe_overflow_cross_hatched,
          uniq_duvessa, uniq_grinder
D:6:      layout_loops_ring, lemuel_mausoleum_altar_kikubaaqudgha,
          minmay_temple_entry_overgrown, nrook_uturn, roderic_roman_lattice,
          st_stairs_7, hangedman_abyss_or_decor_lesser_grid
D:7:      layout_rooms, serial_shops, shop, enter_ossuary_3, solitary_fountain,
          minmay_fire_ice_demons
D:8:      nzn_winding_woodlands_small
          [nzn_winding_woodlands_5x15_river_crossing,
          nzn_winding_woodlands_center_garden,
          nzn_winding_woodlands_5x15_twine], layout_basic, serial_shops,
          nicolae_shop_advertising_works [nicolae_subvault_shop_adworks],
          grunt_decor_fettered, uniq_psyche

Skill      XL: |  1  2  3  4  5  6  7  8  9 10 11 |
---------------+----------------------------------+-----
Stealth        | 2 |  2.3
Armour         | 1 |  1.1
Short Blades   | 2 |  2.0
Shields        | 2 3 5 6 8 10 | 10.7
Fighting       | 3 4 5 6 8 10 | 10.2
Crossbows      | 5 6 8 9 10 | 10.1
Invocations    | 1 |  1.8
Dodging        | |  1.7

Action                   |  1- 3 |  4- 6 |  7- 9 | 10-12 || total
-------------------------+-------+-------+-------+-------++-------
Melee: Short sword       |    80 |       |       |       ||    80
       Punch             |     1 |       |       |       ||     1
 Fire: Hand crossbow     |    12 |    84 |   154 |   247 ||   497
 Abil: Dig               |     1 |       |     1 |       ||     2
  Use: Scroll            |     5 |     2 |       |    11 ||    18
       Potion            |       |       |       |     4 ||     4
Armor: Leather armour    |    17 |       |       |       ||    17
       Ring mail         |    26 |     3 |       |       ||    29
       Troll leather arm |       |     3 |     3 |    29 ||    35
Dodge: Dodged            |    56 |    19 |    25 |    53 ||   153
Block: Kite shield       |    22 |     9 |    31 |    63 ||   125
